 Dungeon Crawl Stone Soup version 0.27.0-1-g7a089689b8 (webtiles) character file.

Game seed: 1456498444093696782

1803 Crownlay the Covert (level 9, -1/44 (48) HPs)
             Began as a Kobold Hunter on Aug 12, 2021.
             Was a Priest of Okawaru.
             Slain by a wight (2 damage)
             ... on level 7 of the Dungeon.
             The game lasted 00:11:51 (7160 turns).

Crownlay the Covert (Kobold Hunter)                 Turns: 7160, Time: 00:11:52

HP:   -1/44 (48)    AC: 10    Str:  9    XL:     9   Next: 30%
MP:   9/9           EV: 15    Int: 12    God:    Okawaru [***...]
Gold: 306           SH:  0    Dex: 19    Spells: 8/8 levels left

rFire    . . .     SeeInvis .   b - +0 short sword
rCold    . . .     Faith    .   (shield restricted)
rNeg     . . .     Spirit   .   z - +0 steam dragon scales
rPois    .         Reflect  .   e - +0 helmet
rElec    .         Harm     .   (no cloak)
rCorr    .         Rampage  .   x - +2 pair of gloves
Will     .....                  t - +0 pair of boots
Stlth    ++++++....             (no amulet)
HPRegen  0.14/turn              (no ring)
MPRegen  0.11/turn              (no ring)

@: drained
A: small, no large weapons, nightstalker 3
a: Renounce Religion, Heroism


You were on level 7 of the Dungeon.
You worshipped Okawaru.
Okawaru was most pleased with you.
You visited 1 branch of the dungeon, and saw 7 of its levels.

You collected 306 gold pieces.

Inventory:

Hand Weapons
 a - a +1 hand crossbow
 b - a +0 short sword (weapon)
 g - a +0 dagger of venom
Armour
 e - a +0 helmet (worn)
 t - a +0 pair of boots (worn)
 x - a +2 pair of gloves (worn)
 z - +0 steam dragon scales (worn)
Jewellery
 f - an amulet of faith
 m - a ring of resist corrosion
 w - an amulet of regeneration
Wands
 i - a wand of digging (3)
 y - a wand of iceblast (6)
Scrolls
 h - 2 scrolls of amnesia
 j - 4 scrolls of teleportation
 l - 4 scrolls of enchant armour
 n - a scroll of identify
Potions
 c - a potion of heal wounds
 k - a potion of brilliance
 p - a potion of curing
 r - a potion of ambrosia
 s - a potion of berserk rage
 u - a potion of flight
 v - 2 potions of magic


   Skills:
 - Level 2.1 Fighting
 - Level 10.0 Crossbows
 - Level 2.4 Dodging
 * Level 12.2 Stealth


You had 8 spell levels left.
You didn't know any spells.
Your spell library contained the following spells:

 Spells                   Type           Power      Damage    Failure   Level
 Blink                    Tloc           N/A        N/A       45%         2
 Inner Flame              Hex/Fire       0%         N/A       69%         3
 Lesser Beckoning         Tloc           0%         N/A       69%         3
 Cause Fear               Hex            0%         N/A       97%         4
 Manifold Assault         Tloc           0%         N/A       100%        5
 Discord                  Hex            0%         N/A       100%        8


Dungeon Overview and Level Annotations

Branches:
Dungeon (7/15)             Temple (0/1) D:6

Altars:
Okawaru
Ru
Trog
Uskayaw
Zin

Portals:
Abyss: D:6

Annotations:
D:6 2 transporters, MajorAdolf's ghost, novice NaWn


Innate Abilities, Weirdness & Mutations

You are small and have problems with some larger weapons.
You are completely attuned to the shadows.


Message History

The wight barely misses you.
You hit the wight but do no damage.
The wight is lightly damaged.
The wight hits you but does no damage.
You barely miss the wight.
The wight is lightly damaged.
The wight closely misses you.
You barely miss the wight.
The wight is lightly damaged.
The wight closely misses you.
You hit the wight.
The wight is moderately damaged.
The wight hits you with a +0 spear.
* * * LOW HITPOINT WARNING * * *
You feel drained.
* * * LOW HITPOINT WARNING * * *
You hit the wight but do no damage.
The wight is moderately damaged.
The wight closely misses you.
You hit the wight.
The wight is moderately damaged.
The wight barely misses you.
You hit the wight but do no damage.
The wight is moderately damaged.
The wight barely misses you.
You barely miss the wight.
The wight is moderately damaged.
The wight misses you.
You hit the wight but do no damage.
The wight is moderately damaged.
The wight barely misses you. The wight hits you but does no damage.
You hit the wight but do no damage.
The wight is moderately damaged.
The wight barely misses you.
You closely miss the wight.
The wight is moderately damaged.
The wight hits you with a +0 spear.
* * * LOW HITPOINT WARNING * * *
You feel drained.
You die...

######## #......# #......#
#......# #......#
##########......#
.......@z.(.....#
........######.##
#..............## ##..## .#
#...............>...#..# .# .
#..............####....##$#..
#..............# ####..#.((.
#.<............# #...)#
##............## #....#
##..........## ......#


You could see a wight.

Vanquished Creatures
  A shadow (D:5)
  A steam dragon (D:6)
  2 water moccasins
  An ice beast (D:6)
  2 black bears
  A necrophage (D:6)
  2 ogres (D:7)
  A sky beast (D:7)
  A phantom (D:5)
  A bullfrog (D:7)
  A wyvern skeleton (D:6)
  A howler monkey (D:6)
  A jelly (D:5)
  6 hounds
  2 orc priests (D:7)
  A bullfrog skeleton (D:5)
  An iguana (D:5)
  An orc wizard (D:5)
  A howler monkey skeleton (D:4)
  3 adders
  An ufetubus (D:5)
  An adder skeleton (D:4)
  A worm (D:3)
  2 dart slugs
  10 orcs
  4 endoplasms
  3 giant cockroaches
  3 goblins
  4 hobgoblins
  12 jackals
  3 kobolds
  4 quokkas
  2 ball pythons
  4 bats
  2 frilled lizards
  5 rats
92 creatures vanquished.

Vanquished Creatures (others)
  5 plants (D:2)
5 creatures vanquished.

Grand Total: 97 creatures vanquished

Notes
Turn   | Place    | Note
-------+----------+-------------------------------------------
     0 | D:1      | Crownlay the Kobold Hunter began the quest for the Orb.
     0 | D:1      | Reached XP level 1. HP: 12/12 MP: 1/1
   101 | D:1      | Reached skill level 5 in Crossbows
   235 | D:1      | Reached XP level 2. HP: 3/17 MP: 2/2
   392 | D:1      | Found a faded altar of an unknown god.
   829 | D:2      | Reached XP level 3. HP: 21/21 MP: 3/3
   998 | D:2      | Reached XP level 4. HP: 19/26 MP: 4/4
  1702 | D:3      | Found a sacrificial altar of Ru.
  1725 | D:3      | Found an iron altar of Okawaru.
  1791 | D:3      | Became a worshipper of Warmaster Okawaru
  2539 | D:3      | Found a bloodstained altar of Trog.
  3442 | D:5      | Entered Level 5 of the Dungeon
  3481 | D:5      | Noticed a black bear
  3502 | D:5      | Reached XP level 5. HP: 30/30 MP: 5/5
  3712 | D:5      | Found a glowing silver altar of Zin.
  3725 | D:5      | Noticed a shadow
  3736 | D:5      | Killed a shadow
  3736 | D:5      | Reached * piety under Okawaru
  3737 | D:5      | Reached XP level 6. HP: 4/35 MP: 6/6
  4177 | D:5      | Noticed a water moccasin
  4182 | D:5      | Killed a water moccasin
  4183 | D:5      | Reached XP level 7. HP: 20/40 MP: 7/7
  4572 | D:5      | Found a hide-covered altar of Uskayaw.
  4572 | D:5      | Noticed a +0 hand axe
  4572 | D:5      | Noticed a +0 hand axe
  4939 | D:5      | Reached skill level 10 in Crossbows
  4939 | D:5      | Reached skill level 2 in Stealth
  5006 | D:5      | Reached skill level 4 in Stealth
  5391 | D:5      | Reached ** piety under Okawaru
  5392 | D:5      | Reached skill level 5 in Stealth
  5471 | D:6      | Reached XP level 8. HP: 44/44 MP: 8/8
  5477 | D:6      | Reached skill level 6 in Stealth
  5559 | D:6      | Reached skill level 7 in Stealth
  5730 | D:6      | Found a transporter.
  5745 | D:6      | Noticed an ancient zyme
  5746 | D:6      | Found a one-way gate to the infinite horrors of the Abyss.
  5746 | D:6      | Noticed MajorAdolf's ghost (novice NaWn)
  5759 | D:6      | Found a transporter.
  6117 | D:6      | Found a staircase to the Ecumenical Temple.
  6123 | D:6      | Reached skill level 8 in Stealth
  6247 | D:6      | Reached skill level 9 in Stealth
  6307 | D:6      | Reached skill level 10 in Stealth
  6568 | D:7      | Reached XP level 9. HP: 39/48 MP: 9/9
  6660 | D:7      | Reached *** piety under Okawaru
  6689 | D:7      | Reached skill level 11 in Stealth
  7118 | D:7      | Reached skill level 12 in Stealth
  7160 | D:7      | HP: 1/45 [wight (5)]
  7160 | D:7      | Slain by a wight

Illustrated notes

Levels and vault maps discovered:
D:1:      saegor_arrival_simple_e, layout_basic,
          hellmonk_ecumenical_altar_lost_god
D:2:      cheibrodos_old_hovel, layout_loops_ring, minmay_pentomino_t2
D:3:      layout_rooms, lightli_temple_of_fire, grunt_temple_overflow_open
D:4:      layout_loops_ring
D:5:      layout_layer_cave, dancing_weapons_uskayaw, zin_academy,
          nrook_mini_backslash
D:6:      layout_basic, minmay_temple_entry_hall, serial_corexii_hall,
          chequers_hall_statues_wall_a, corexii_hall_statues_l,
          chequers_hall_statues_corner_a, gammafunk_ghost_abyssal_escape
D:7:      black_bear_nest_1, layout_rooms, nicolae_elyvilon_temple_path,
          minmay_chambers_of_fives

Skill      XL: |  1  2  3  4  5  6  7  8  9 |
---------------+----------------------------+-----
Crossbows      | 5 6 7 9 10 | 10.0
Stealth        | 5 10 12 | 12.2
Fighting       | |  2.1
Dodging        | |  2.4

Action                   |  1- 3 |  4- 6 |  7- 9 || total
-------------------------+-------+-------+-------++-------
Melee: Short sword       |    12 |       |    24 ||    36
       Dagger            |    74 |    33 |     3 ||   110
 Fire: Hand crossbow     |       |    91 |   163 ||   254
Invok: Heroism           |       |       |     1 ||     1
  Use: Potion            |     2 |       |     1 ||     3
       Scroll            |       |       |    12 ||    12
 Stab: Sleeping          |     3 |     5 |       ||     8
       Distracted        |     1 |       |       ||     1
Armor: Leather armour    |    17 |    17 |    15 ||    49
       Steam dragon scal |       |       |    29 ||    29
Dodge: Dodged            |    76 |    73 |   112 ||   261
